 Dungeon Crawl Stone Soup version 0.29.0-4-gdea44cf6ec (webtiles) character file.

Game seed: 814854621351932343

6892 experimilk the Frost Mage (level 10, -1/83 HPs)
             Began as a Yellow Draconian Ice Elementalist on Aug 27, 2022.
             Was a Believer of Vehumet.
             Slain by a two-headed ogre
             ... wielding a +0 dire flail
              (22 damage)
             ... on level 9 of the Dungeon.
             The game lasted 00:34:53 (14379 turns).

experimilk the Frost Mage (DrIE)                   Turns: 14379, Time: 00:34:54

Health: -1/83      AC: 20    Str: 11    XL:     10   Next: 79%
Magic:  13/26      EV: 13    Int: 19    God:    Vehumet [**....]
Gold:   372        SH:  0    Dex: 12    Spells: 0/19 levels left

rFire   . . .      SeeInvis .   J - +1 glaive (venom)
rCold   . . .      Faith    .   (shield currently unavailable)
rNeg    . . .      Spirit   .   (body armour unavailable)
rPois   .          Reflect  .   (helmet restricted)
rElec   .          Harm     .   B - +2 cloak
rCorr   +          Rampage  .   n - +1 pair of gloves
Will    .....                   (no boots)
Stlth   ++........              d - amulet of the acrobat
HPRegen 0.23/turn               M - ring of wizardry
MPRegen 0.20/turn               t - ring of magical power

@: ice-armoured, freezing walls, studying Ranged Weapons
A: spit acid, AC +7, unfitting armour, cold-blooded, acid resistance
a: Breathe Acid, Renounce Religion


You were on level 9 of the Dungeon.
You worshipped Vehumet.
Vehumet was pleased with you.
You visited 1 branch of the dungeon, and saw 9 of its levels.

You collected 372 gold pieces.

Inventory:

Hand Weapons
 c - a +0 dagger
 h - a +0 trident
 u - a +1 halberd
 J - a +1 glaive of venom (weapon)
Missiles
 f - 66 stones (quivered)
Armour
 n - a +1 pair of gloves (worn)
 B - a +2 cloak (worn)
Jewellery
 d - an amulet of the acrobat (around neck)
 j - an amulet of faith
 o - a +4 ring of protection
 q - the ring of Muimau Carphe {rPois rF- rC++ rN+ rCorr}
   (You found it on level 5 of the Dungeon)

   [ring of poison resistance]

   rF:        It makes you vulnerable to fire.
   rC:        It greatly protects you from cold.
   rPois:     It protects you from poison.
   rN:        It protects you from negative energy.
   rCorr:     It protects you from acid and corrosion.
 r - a +4 ring of protection
 t - a ring of magical power (right hand)
 x - a ring of willpower
 D - a ring of protection from cold
 M - a ring of wizardry (left hand)
Wands
 m - a wand of quicksilver (6)
 C - a wand of mindburst (18)
 L - a wand of roots (8)
Scrolls
 i - 4 scrolls of magic mapping
 s - 2 scrolls of blinking
 y - a scroll of amnesia
 z - a scroll of teleportation
 E - a scroll of noise {unknown}
 G - 2 scrolls of brand weapon {unknown}
 H - 2 scrolls of enchant armour
 K - a scroll of acquirement {unknown}
Potions
 a - a potion of magic
 b - a potion of invisibility
 e - 2 potions of brilliance
 g - a potion of berserk rage
 k - 4 potions of heal wounds
 l - a potion of curing
 p - 2 potions of flight
 v - a potion of lignification {unknown}
 w - 2 potions of degeneration {unknown}
 A - 2 potions of haste {unknown}
Miscellaneous
 F - a piece from Xom's chessboard (15/15)
 I - a phial of floods (inert)


   Skills:
 - Level 6.0 Fighting
 + Level 3.7 Polearms
 + Level 5.3 Dodging
 - Level 1.7 Stealth
 - Level 5.0 Spellcasting
 - Level 6.0 Conjurations
 + Level 2.5 Summonings
 + Level 11.5 Ice Magic
 - Level 3.0 Air Magic


You couldn't memorise any spells.
You knew the following spells:

 Your Spells              Type           Power      Damage    Failure   Level
a - Freeze                Ice            100%       1d11      1%          1
b - Frozen Ramparts       Ice            96%        1d15      1%          3
c - Ozocubu's Armour      Ice            48%        N/A       1%          3
d - Hailstorm             Conj/Ice       38%        3d9       1%          4
e - Poisonous Vapours     Pois/Air       20%        N/A       4%          2
f - Summon Cactus Giant   Summ           7%         N/A       92%         6

Your spell library contained the following spells:

 Spells                   Type           Power      Damage    Failure   Level
 Scorch                   Fire           8%         2d5       8%          2
 Flame Wave               Conj/Fire      16%        2d7       14%         4
 Corpse Rot               Necr/Pois/Air  8%         N/A       32%         4
 Dispel Undead            Necr           4%         3d7       43%         4
 Death Channel            Necr           2%         N/A       99%         6


Dungeon Overview and Level Annotations

Branches:
Dungeon (9/15)             Temple (0/1) D:6            Lair (0/5) D:9
    Orc: D:9-12

Altars:
Makhleb
Ru
Sif Muna
Vehumet
Yredelemnul

Annotations:
D:5 2 transporters, pesado's ghost, novice GrEE


Innate Abilities, Weirdness & Mutations

You can spit globs of acid.
Your golden yellow scales are hard. (AC +7)
You cannot fit into any form of body armour.
You are cold-blooded and may be slowed by cold attacks.
You are resistant to acid. (rCorr)


Message History

The two-headed ogre hits you with a +1 dire flail of protection!
Casting: Freeze (safe; 1% risk of failure)
Confirm with . or Enter, or press ? or * to list all spells.
Aiming: Freeze (safe; 1% risk of failure)
Press: ? - help, Shift-Dir - straight line, f/p - two-headed ogre
Aim: a two-headed ogre, wielding a +0 dire flail and a +1 dire flail of protection (moderately wounded, poisoned)
You freeze the two-headed ogre!
The two-headed ogre is heavily wounded.
The wall freezes the two-headed ogre but does no damage.
The two-headed ogre misses you.
The two-headed ogre hits you with a +1 dire flail of protection.
Casting: Freeze (safe; 1% risk of failure)
Confirm with . or Enter, or press ? or * to list all spells.
Aiming: Freeze (safe; 1% risk of failure)
Press: ? - help, Shift-Dir - straight line, f/p - two-headed ogre
Aim: a two-headed ogre, wielding a +0 dire flail and a +1 dire flail of protection (heavily wounded, poisoned)
You freeze the two-headed ogre!
The two-headed ogre is heavily wounded.
Unknown command.
Casting: Freeze (safe; 1% risk of failure)
Confirm with . or Enter, or press ? or * to list all spells.
Aiming: Freeze (safe; 1% risk of failure)
Press: ? - help, Shift-Dir - straight line, f/p - two-headed ogre
Aim: a two-headed ogre, wielding a +0 dire flail and a +1 dire flail of protection (heavily wounded, poisoned)
You freeze the two-headed ogre!
The two-headed ogre is severely wounded.
The wall freezes the two-headed ogre.
The two-headed ogre hits you with a +0 dire flail!
* * * LOW HITPOINT WARNING * * *
The two-headed ogre completely misses you.
Casting: Freeze (safe; 1% risk of failure)
Confirm with . or Enter, or press ? or * to list all spells.
Aiming: Freeze (safe; 1% risk of failure)
Press: ? - help, Shift-Dir - straight line, f/p - two-headed ogre
Aim: a two-headed ogre, wielding a +0 dire flail and a +1 dire flail of protection (severely wounded, poisoned)
You freeze the two-headed ogre.
The two-headed ogre is severely wounded.
The wall freezes the two-headed ogre!
The two-headed ogre hits you with a +0 dire flail!!
You die...

##.#..#..#.###..............# #..
......##....##..[...........# ##.
... ...........[............# ##
##. .......[)##..##.........## #
## .........###.............####
.......#.# #.....######...##.
####.......#.###...#....##.......
..<..............................
####...........#@#.######........
. ............O#.# #O....... .
...............# ##.......
..............# #.....#.
#.#...........# #.###.##
#.#...........# #.O##.#
........>...# ##..>.##
......#...#.# ###.(..
##.#####.#.# ##...


You could see a two-headed ogre (poisoned).

Vanquished Creatures
  A centaur warrior (D:8)
  3 two-headed ogres
  A cyclops (D:8)
  A gargoyle (D:7)
  A troll (D:8)
  2 steam dragons (D:9)
  2 water moccasins (D:8)
  2 sky beasts
  3 orc warriors
  A black bear (D:6)
  2 ogres
  5 centaurs
  2 phantoms
  A kobold brigand (D:6)
  A necrophage (D:5)
  A gnoll sergeant (D:8)
  3 bullfrogs
  3 scorpions
  A wight (D:9)
  9 killer bees
  3 howler monkeys (D:7)
  A jelly (D:5)
  4 hounds
  4 orc priests
  Jessica (D:2)
  2 iguanas
  4 orc wizards
  15 gnolls
  4 adders
  3 ufetubi
  A worm (D:2)
  A dart slug (D:5)
  26 orcs
  5 bats
  6 endoplasms
  A giant cockroach (D:3)
  4 goblins
  5 hobgoblins
  11 kobolds
  4 quokkas
  5 ball pythons
  4 frilled lizards
  A rat (D:2)
160 creatures vanquished.

Vanquished Creatures (others)
  An orc warrior (D:9)
  An orc wizard (D:5)
  An orc (D:9)
  40 plants (D:9)
43 creatures vanquished.

Grand Total: 203 creatures vanquished

Notes
Turn   | Place    | Note
-------+----------+-------------------------------------------
     0 | D:1      | experimilk the Draconian Ice Elementalist began the quest
                  | for the Orb.
     0 | D:1      | Reached XP level 1. HP: 14/14 MP: 3/3
     3 | D:1      | Noticed an electric eel
     4 | D:1      | Noticed an electric eel
   275 | D:1      | Reached XP level 2. HP: 21/22 MP: 1/5
  1148 | D:1      | Found a faded altar of an unknown god.
  1796 | D:2      | Reached skill level 1 in Fighting
  1836 | D:2      | Noticed Jessica
  1838 | D:2      | Killed Jessica
  1839 | D:2      | Reached XP level 3. HP: 28/28 MP: 3/6
  1871 | D:2      | Learned a level 3 spell: Frozen Ramparts
  1956 | D:2      | Reached XP level 4. HP: 17/36 MP: 0/7
  2413 | D:2      | Learned a level 3 spell: Ozocubu's Armour
  2542 | D:2      | Reached skill level 5 in Ice Magic
  3607 | D:3      | Reached XP level 5. HP: 41/41 MP: 1/9
  3677 | D:3      | Found a radiant altar of Vehumet.
  3683 | D:3      | Became a worshipper of Vehumet
  3987 | D:3      | Identified the +10 dagger of Offence {antimagic, rC- rN+
                  | Str+3 SInv}
  4007 | D:3      | Reached skill level 6 in Ice Magic
  5301 | D:4      | Noticed a phantom
  5327 | D:4      | Killed a phantom
  5328 | D:4      | Reached XP level 6. HP: 46/48 MP: 2/12
  5333 | D:4      | Learned a level 4 spell: Hailstorm
  5435 | D:4      | Found a sacrificial altar of Ru.
  5673 | D:4      | Reached * piety under Vehumet
  5673 | D:4      | Offered knowledge of Shock by Vehumet.
  6043 | D:4      | Reached skill level 1 in Conjurations
  6204 | D:4      | Found a burning altar of Makhleb.
  6413 | D:5      | Entered Level 5 of the Dungeon
  6543 | D:5      | Identified the ring of Muimau Carphe {rPois rF- rC++ rN+
                  | rCorr}
  6591 | D:5      | Your scales start taking on a golden yellow colour.
  6591 | D:5      | Reached XP level 7. HP: 56/56 MP: 4/13
  6591 | D:5      | Gained mutation: You are resistant to acid. (rCorr) [Yellow
                  | Draconian growth]
  6908 | D:5      | Noticed pesado's ghost (novice GrEE)
  6929 | D:5      | Found a transporter.
  6933 | D:5      | Found a transporter.
  7410 | D:5      | Reached skill level 7 in Ice Magic
  7743 | D:6      | Found a shimmering blue altar of Sif Muna.
  7815 | D:6      | Reached XP level 8. HP: 63/63 MP: 15/15
  7941 | D:6      | Reached skill level 5 in Spellcasting
  8213 | D:6      | Reached skill level 8 in Ice Magic
  8217 | D:6      | Reached ** piety under Vehumet
  8217 | D:6      | Offered knowledge of Sandblast by Vehumet.
  8363 | D:6      | Found a staircase to the Ecumenical Temple.
  9142 | D:7      | Reached skill level 9 in Ice Magic
  9491 | D:7      | You fall into a shaft and drop 2 floors!
 10079 | D:7      | Noticed a cyclops
 10169 | D:7      | Found a basalt altar of Yredelemnul.
 10186 | D:7      | Reached XP level 9. HP: 55/71 MP: 16/16
 10490 | D:7      | Noticed a gargoyle
 10539 | D:8      | Reached skill level 10 in Ice Magic
 10544 | D:8      | Reached skill level 1 in Polearms
 10828 | D:7      | Killed a gargoyle
 10949 | D:8      | Offered knowledge of Poisonous Vapours by Vehumet.
 11325 | D:8      | Learned a level 2 spell: Poisonous Vapours
 11341 | D:8      | Noticed a two-headed ogre
 11350 | D:8      | Killed a two-headed ogre
 11351 | D:8      | Reached skill level 5 in Fighting
 11351 | D:8      | Reached skill level 5 in Conjurations
 11351 | D:8      | Reached skill level 11 in Ice Magic
 11808 | D:8      | Noticed a troll
 11813 | D:8      | Killed a troll
 11814 | D:8      | Reached skill level 1 in Air Magic
 11968 | D:8      | Noticed a cyclops
 11975 | D:8      | Noticed a centaur warrior
 11977 | D:8      | Killed a cyclops
 11978 | D:8      | Reached XP level 10. HP: 77/81 MP: 15/17
 11981 | D:8      | Killed a centaur warrior
 12474 | D:8      | Identified the +1 flail of Juidgh {elec, rN+}
 12787 | D:8      | Learned a level 6 spell: Summon Cactus Giant
 13119 | D:9      | Noticed a two-headed ogre
 13165 | D:9      | Noticed a two-headed ogre
 13217 | D:9      | Killed a two-headed ogre
 13218 | D:9      | Reached skill level 1 in Summonings
 13685 | D:9      | Noticed a two-headed ogre
 13686 | D:9      | Reached skill level 5 in Dodging
 13991 | D:9      | Found a staircase to the Lair.
 14125 | D:9      | Killed a two-headed ogre
 14379 | D:9      | Slain by a two-headed ogre

Illustrated notes

Levels and vault maps discovered:
D:1:      arrival_aquarium_b, layout_basic, ebering_ecumenical_altar_hall
D:2:      layout_basic, uniq_jessica
D:3:      layout_loops_corners, nicolae_vehumet_radiance
D:4:      layout_gridville, kennysheep_mini, makhleb_blood_cavern_becter
D:5:      layout_rooms, gammafunk_ghost_hive, kennysheep_generic_room_5
D:6:      layout_basic, nicolae_sif_muna_condensation,
          minmay_temple_entry_glassed_door, kennysheep_decorative_pillar
D:7:      layout_basic, kennysheep_mini_moat, hellmonk_bongcloud_opening,
          minmay_manual_mail
D:8:      layout_gridville, minmay_diamond_spiral
D:9:      layout_rooms, david_lair_shrubbed, minmay_chambers_of_fives

Skill      XL: |  1  2  3  4  5  6  7  8  9 10 |
---------------+-------------------------------+-----
Fighting       | 1 2 3 5 6 |  6.0
Ice Magic      | 5 6 7 9 11 | 11.5
Spellcasting   | 3 4 5 |  5.0
Dodging        | 2 4 5 |  5.3
Conjurations   | 2 3 4 5 6 |  6.0
Polearms       | 1 3 |  3.7
Air Magic      | 1 3 |  3.0
Summonings     | 2 |  2.5
Stealth        | |  1.7

Action                   |  1- 3 |  4- 6 |  7- 9 | 10-12 || total
-------------------------+-------+-------+-------+-------++-------
Melee: Dagger            |    29 |       |       |       ||    29
       Tailslap          |     3 |     8 |    13 |     1 ||    25
       Spear             |       |    16 |       |       ||    16
       Trident           |       |    61 |     5 |       ||    66
       Punch             |       |     1 |       |       ||     1
       Halberd           |       |       |    93 |     1 ||    94
       Glaive            |       |       |       |    22 ||    22
Throw: Stone             |     5 |     3 |     4 |     1 ||    13
 Cast: Freeze            |    25 |    27 |    50 |    15 ||   117
       Frozen Ramparts   |     1 |    21 |    28 |     7 ||    57
       Ozocubu's Armour  |       |    11 |    22 |     4 ||    37
       Hailstorm         |       |       |    17 |     7 ||    24
       Poisonous Vapours |       |       |     1 |     5 ||     6
 Abil: Breathe Acid      |       |       |     6 |     1 ||     7
Evoke: Wand              |       |       |       |     2 ||     2
       Phial of floods   |       |       |       |     1 ||     1
  Use: Scroll            |     2 |    10 |     9 |     3 ||    24
       Potion            |       |     1 |     1 |       ||     2
 Stab: Sleeping          |     1 |     2 |       |       ||     3
Armor: Skin              |    12 |    51 |   133 |    22 ||   218
Dodge: Dodged            |    32 |    75 |   150 |    40 ||   297
